 Dungeon Crawl Stone Soup version 0.31.0-32-g396128a36d (webtiles) character file.

Game seed: 7298105740864279403

2207 Peloso the Carver (level 9, -3/76 (79) HPs)
             Began as a Minotaur Fighter on Mar 26, 2024.
             Slain by a wyvern (12 damage)
             ... on level 8 of the Dungeon.
             The game lasted 00:11:33 (7003 turns).

Peloso the Carver (Minotaur Fighter)                Turns: 7003, Time: 00:11:33

HP:   -3/76 (79)    AC: 11    Str: 22    XL:     9   Next: 13%
MP:   8/8           EV:  9    Int:  5    God:
Gold: 588           SH:  5    Dex: 13    Spells: 8/8 levels left

rFire   . . .        a - +1 long sword
rCold   . . .        d - +0 buckler
rNeg    . . .        c - +0 chain mail
rPois   .            r - melded +2 hat
rElec   .            (cloak currently unavailable)
rCorr   .            x - melded +2 pair of gloves {Dex+3}
SInv    .            (boots currently unavailable)
Will    +....        (no amulet) Stlth
                     i - ring of willpower
HPRegen 0.32/turn    (no ring)
MPRegen 0.11/turn

%: no passive effects
@: beast-form, lightly drained
A: beast (slay +0), horns 2, retaliatory headbutt
a: Begin Untransformation


You were on level 8 of the Dungeon.
You were a hulking beast.
You visited 2 branches of the dungeon, and saw 9 of its levels.

You collected 588 gold pieces.

Inventory:

Hand Weapons
 a - a +1 long sword (weapon)
Armour
 b - a +0 scale mail
 c - a +0 chain mail (worn)
 d - a +0 buckler (worn)
 r - a +2 hat (melded)
 x - a +2 pair of gloves of dexterity (melded)
Jewellery
 i - a ring of willpower (left hand)
 p - a ring of fire
Talismans
 k - a granite talisman
 y - a beast talisman (active)
Wands
 n - a wand of roots (17)
 w - a wand of flame (36)
 A - a wand of digging (4)
Scrolls
 e - a scroll of blinking {unknown}
 f - a scroll of vulnerability
 g - a scroll of acquirement
 j - a scroll of amnesia
 q - a scroll of enchant weapon
 t - 2 scrolls of fear
 u - 2 scrolls of poison
 v - 3 scrolls of teleportation
Potions
 h - a potion of might
 l - 2 potions of resistance
 m - 3 potions of curing
 o - a potion of berserk rage
 s - a potion of enlightenment
 z - 2 potions of magic {unknown}


   Skills:
 + Level 7.1 Fighting
 + Level 9.1 Long Blades
 + Level 8.6 Armour
 + Level 2.1 Dodging
 + Level 0.7 Stealth
 + Level 6.2 Shields
 + Level 0.1 Shapeshifting


You had 8 spell levels left.
You didn't know any spells.
Your spell library contained the following spells:

 Spells                   Type           Power      Damage    Failure   Level
 Sting                    Conj/Alch      0%         1d3       97%         1
 Mercury Vapours          Alch/Air       0%         N/A       99%         2
 Olgreb's Toxic Radiance  Alch           0%         N/A       100%        4


Dungeon Overview and Level Annotations

Branches:
Dungeon (8/15)             Temple (1/1) D:4
   Lair: D:8-11

Altars:
Ashenzari
Cheibriados
Dithmenos
Fedhas
Gozag
Hepliaklqana
Kikubaaqudgha
Makhleb
Nemelex Xobeh
Qazlal
Ru
Sif Muna
Trog
Uskayaw
Wu Jian
Xom
Yredelemnul
Zin
The Shining One


Innate Abilities, Weirdness & Mutations

You are a hulking beast.
Your limbs bulge with bestial killing power. (Slay +0)
You have a pair of horns on your head.
You reflexively headbutt those who attack you in melee.


Message History

You now have 588 gold pieces (gained 15).
You see here a staff of earth.
A wyvern comes into view.
The wyvern hisses angrily.
A wyvern is nearby!
A wyvern is nearby!
Found a hand axe.
The wyvern bites you!
You hit the wyvern.
The wyvern is lightly wounded.
The wyvern bites you!
You slash the wyvern!
The wyvern is heavily wounded.
The wyvern closely misses you. The wyvern bites you!
You hit the wyvern.
The wyvern is severely wounded.
The wyvern bites you but does no damage.
You closely miss the wyvern.
The wyvern is severely wounded.
The wyvern bites you!
You barely miss the wyvern.
The wyvern is severely wounded.
The wyvern bites you but does no damage.
You block the wyvern's attack.
You hit the wyvern but do no damage.
The wyvern is severely wounded.
The wyvern bites you but does no damage.
You barely miss the wyvern.
The wyvern is severely wounded.
The wyvern bites you. x2
You completely miss the wyvern. You headbutt the wyvern!
The wyvern is almost dead.
The wyvern bites you!
* * * LOW HITPOINT WARNING * * *
You hit the wyvern.
The wyvern is almost dead.
The wyvern bites you!
* * * LOW HITPOINT WARNING * * *
The wyvern bites you!
You die...

## ).. ##.# .... # ...
#########.####.####.
###.......#....k......
........#.####h..####
###...#...|...........
#.......#.###..######.
......#.#.#...######
......#.#>..^...)).#
..... #.#.########)#
..... #.##########.##
.... #.#...........+
.... #.#.########..#


You could see a wyvern.

Vanquished Creatures
  Sigmund (D:4)
  A water moccasin (D:6)
  4 sky beasts
  An ice beast (D:7)
  3 ogres
  2 bullfrogs (D:7)
  A scorpion (D:5)
  7 wights
  A howler monkey (D:6)
  4 bombardier beetles
  2 hounds (D:5)
  A sleepcap (D:5)
  A gnoll bouda (D:3)
  3 iguanas
  Terence (D:3)
  An orc wizard (D:7)
  Robin (D:4)
  8 gnolls
  9 adders
  A white imp (D:6)
  2 ribbon worms (D:2)
  6 dart slugs
  13 orcs
  5 bats
  5 endoplasms
  13 goblins
  3 hobgoblins (D:4)
  4 jackals (D:1)
  3 quokkas (D:1)
  11 ball pythons
  4 frilled lizards
  4 kobolds
  6 rats
132 creatures vanquished.

Notes
Turn   | Place    | Note
-------+----------+-------------------------------------------
     0 | D:1      | Peloso the Minotaur Fighter began the quest for the Orb.
     0 | D:1      | Reached XP level 1. HP: 19/19 MP: 0/0
    59 | D:1      | Reached XP level 2. HP: 25/27 MP: 1/1
   293 | D:1      | Found a faded altar of an unknown god.
   924 | D:2      | Reached XP level 3. HP: 33/33 MP: 2/2
  1436 | D:3      | Reached skill level 3 in Long Blades
  1505 | D:3      | Reached XP level 4. HP: 35/41 MP: 3/3
  1554 | D:3      | Noticed Terence
  1563 | D:3      | Killed Terence
  2053 | D:3      | Found a glowing golden altar of the Shining One.
  2127 | D:3      | Identified a scroll of acquirement
  2167 | D:4      | Found a sacrificial altar of Ru.
  2206 | D:3      | Reached XP level 5. HP: 37/47 MP: 4/4
  2260 | D:3      | Reached skill level 4 in Long Blades
  2260 | D:3      | Reached skill level 5 in Armour
  2280 | D:4      | Found a staircase to the Ecumenical Temple.
  2347 | Temple   | Entered the Ecumenical Temple
  2436 | D:4      | Noticed Robin
  2498 | D:4      | Killed Robin
  2606 | D:4      | Noticed Sigmund
  2617 | D:4      | Killed Sigmund
  2618 | D:4      | Reached skill level 5 in Fighting
  2618 | D:4      | Reached skill level 5 in Long Blades
  2618 | D:4      | Reached XP level 6. HP: 56/56 MP: 5/5
  2760 | D:4      | Found an ornate altar of the Wu Jian Council.
  2881 | D:4      | Reached skill level 1 in Dodging
  2887 | D:4      | Reached XP level 7. HP: 22/61 MP: 6/6
  3084 | D:4      | Reached skill level 5 in Shields
  3164 | D:4      | Reached skill level 6 in Long Blades
  3874 | D:5      | Entered Level 5 of the Dungeon
  3911 | D:5      | Found a bloodstained altar of Trog.
  3974 | D:5      | Found an ancient bone altar of Kikubaaqudgha.
  4058 | D:5      | Found an opulent altar of Gozag.
  4530 | D:6      | Reached skill level 7 in Long Blades
  4709 | D:6      | Reached XP level 8. HP: 63/70 MP: 7/7
  5199 | D:6      | Reached skill level 8 in Long Blades
  5289 | D:6      | Found a hazy altar of Hepliaklqana.
  5547 | D:7      | Found a snail-covered altar of Cheibriados.
  6305 | D:7      | Reached XP level 9. HP: 24/78 MP: 8/8
  6597 | D:7      | Found a shimmering altar of Xom.
  6771 | D:8      | Reached skill level 9 in Long Blades
  7003 | D:8      | Slain by a wyvern

Illustrated notes

Levels and vault maps discovered:
D:1:      lemuel_arrival_cross, layout_rooms,
          hellmonk_ecumenical_altar_pennies_from_heaven
D:2:      layout_basic
D:3:      cheibrodos_helix_gallery, layout_basic, tso_altar, nicolae_half_adder,
          uniq_terence
D:4:      layout_cave_pods, nicolae_wu_jian_glorious_leap,
          overflow_temple_1_default, minmay_temple_entry_drinking_statues,
          uniq_robin, uniq_sigmund
D:5:      layout_rooms, nicolae_kikubaaqudgha_miasma_corner,
          mainiacjoe_overflow_six_doors_small, kennysheep_little_box
D:6:      layout_layer_cave, nicolae_hepliaklqana_hippocampus, st_stairs_9
D:7:      layout_loops_corners, kennysheep_mini, mainiacjoe_overflow_chevrons
D:8:      layout_basic, lemuel_crystal_altar
Temple:   compressed_dpeg_circular_temple

Skill      XL: |  1  2  3  4  5  6  7  8  9 |
---------------+----------------------------+-----
Shields        | 4 5 6 |  6.2
Fighting       | 4 5 6 7 |  7.1
Armour         | 4 5 6 8 |  8.6
Long Blades    | 3 5 7 8 9 |  9.1
Dodging        | 1 2 |  2.1
Stealth        | |  0.7
Shapeshifting  | |  0.1

Action                     |  1- 3 |  4- 6 |  7- 9 || total
---------------------------+-------+-------+-------++-------
  Melee: Long sword        |    83 |    98 |   234 ||   415
         Headbutt          |    17 |    17 |    42 ||    76
  Evoke: Wand              |       |       |     1 ||     1
    Use: Scroll            |       |     7 |     7 ||    14
         Potion            |       |     1 |     1 ||     2
 Armour: Scale mail        |    39 |       |       ||    39
         Chain mail        |    41 |    92 |   189 ||   322
  Dodge: Dodged            |    27 |    45 |    75 ||   147
  Block: Buckler           |    13 |    34 |    51 ||    98
         Form:             |     1 |       |       ||     1
         Statue            |     1 |       |       ||     1
         Beast             |       |       |     1 ||     1
